Map: Lost and Found LE

Players

Rail

  • Race: Protoss Protoss
  • League: Master
  • Spawn Location: 1:00

Harstem - Winner!

  • Race: Protoss Protoss
  • League: Master
  • Spawn Location: 7:00

Event: HomeStory Cup XVIII

VOD

Have the link to the VOD?

Description

Time

  • Played on: Nov. 22, 2018, 8:48 a.m.
  • Length: 6:18

All games in this series

Show
View Real Time Build Order
Export as new Build Order

Rail Protoss 

Build Orders: Phoenix Opening 

Get SALT Encoding   

  12  0:00  Probe  
  13  0:12  Probe  
  14  0:17  Pylon  
  14  0:24  Probe  
  15  0:32  Probe  
  15  0:36  Gateway  
  15  0:40  Probe  
  16  0:46  Assimilator  
  17  0:50  Probe  
  17  0:54  Assimilator  
  18  0:58  Probe  
  19  1:06  Probe  
  19  1:07  Gateway  
  20  1:17  Probe  
  20  1:23  Cybernetics Core  
  21  1:29  Probe  
  22  1:33  Pylon  
  22  1:41  Probe  
  23  1:53  Probe  
  24  2:00  Sentry, Stalker, Warp Gate  
  28  2:06  Probe  
  28  2:07  Pylon  
  29  2:32  Stargate  
  29  2:40  Nexus  
  29  2:46  Stalker  
  31  2:55  Stalker  
  33  3:09  Phoenix  
  33  3:15  Pylon  
  33  3:16  Stalker  
  37  3:33  Stalker  
  39  3:39  Phoenix  
  39  3:40  Gateway  
  41  3:53  Probe  
  42  4:05  Stalker  
  42  4:06  Probe  
  42  4:08  Probe  
  46  4:10  Stalker  
  49  4:27  Pylon  
  49  4:28  Shield Battery  
  49  4:30  Stalker  
  49  4:34  Stalker  
  51  4:41  Stalker  
  53  4:57  Stalker x2  
  57  5:02  Probe  
  57  5:05  Probe  
  57  5:06  Stalker  
  53  5:18  Gateway  
  53  5:23  Stalker  
  53  5:28  Stalker  
  57  5:35  Stalker  
  45  5:47  Stalker  
  47  5:51  Stalker  
  47  5:55  Stalker  
  47  6:09  Stalker  
Show
View Real Time Build Order
Export as new Build Order

Harstem Protoss - Winner!

Build Orders: Phoenix Opening 

Get SALT Encoding   

  12  0:00  Probe  
  13  0:13  Probe  
  14  0:17  Pylon  
  14  0:23  Probe  
  15  0:31  Probe  
  15  0:38  Gateway  
  15  0:40  Probe  
  17  0:50  Probe  
  17  0:53  Assimilator  
  18  0:57  Assimilator  
  18  0:59  Probe  
  19  1:07  Gateway, Probe  
  20  1:17  Probe  
  20  1:25  Cybernetics Core  
  21  1:29  Probe  
  21  1:32  Pylon  
  22  1:41  Probe  
  23  1:53  Warp Gate  
  23  1:54  Probe  
  24  1:59  Pylon  
  24  2:01  Sentry  
  24  2:02  Stalker  
  28  2:10  Probe  
  29  2:34  Phoenix  
  29  2:37  Nexus, Probe  
  29  2:40  Sentry  
  32  2:45  Probe  
  32  2:47  Stalker  
  35  2:55  Probe  
  36  3:03  Pylon  
  36  3:07  Probe  
  37  3:13  Forge  
  37  3:15  Stalker  
  37  3:16  Phoenix  
  39  3:21  Probe  
  40  3:33  Probe  
  41  3:43  Pylon  
  41  3:45  Probe  
  41  3:47  Protoss Ground Weapons Level 1  
  42  3:49  Probe  
  43  3:56  Adept x2  
  43  3:57  Probe  
  43  4:01  Shield Battery  
  48  4:03  Immortal  
  48  4:05  Shield Battery  
  48  4:06  Probe  
  49  4:13  Stalker  
  49  4:16  Stalker  
  53  4:18  Pylon  
  54  4:28  Shield Battery  
  54  4:31  Stalker  
  55  4:33  Shield Battery  
  55  4:35  Probe  
  56  4:40  Stalker  
  56  4:45  Probe  
  59  4:54  Probe  
  59  4:56  Gateway  
  59  4:57  Gateway, Probe  
  59  4:59  Sentry  
  63  5:05  Stalker  
  63  5:06  Probe  
  58  5:09  Probe  
  59  5:18  Probe  
  58  5:21  Stalker  
  58  5:22  Shield Battery  
  58  5:27  Stalker  
  60  5:35  Probe  
  54  5:36  Probe  
  54  5:38  Stalker  
  53  5:45  Twilight Council  
  53  5:46  Stalker  
  53  5:47  Probe  
  53  5:48  Probe  
  57  5:51  Sentry  
  57  5:52  Shield Battery  
  57  5:53  Stalker  
  61  5:59  Probe  
  61  6:00  Probe  
  61  6:02  Stalker  
  59  6:11  Stalker  
Tags
 
Add a new tag
Caveats
  • Supply blocks, unpowered buildings, or Contaminate may cause inaccurate times.
  • Supply counts are checked every 10 seconds.